 Dungeon Crawl Stone Soup version 0.30.0-30-g96aa6591b8 (webtiles) character file.

Game seed: 2705194350388731122

85 ANNNA the Firebug (level 4, -4/33 HPs)
             Began as a Draconian Fire Elementalist on June 27, 2023.
             Slain by an iguana (10 damage)
             ... on level 2 of the Dungeon.
             The game lasted 00:04:50 (1803 turns).

ANNNA the Firebug (Draconian Fire Elementalist)     Turns: 1803, Time: 00:04:50

Health: -4/33      AC:  5    Str: 10    XL:     4   Next: 25%
Magic:  4/8        EV: 13    Int: 15    God:
Gold:   133        SH:  0    Dex: 14    Spells: 7/8 levels left

rFire   . . .        d - +0 spear
rCold   . . .        (no shield)
rNeg    . . .        (body armour unavailable)
rPois   .            (helmet restricted)
rElec   .            (no cloak)
rCorr   .            (no gloves)
SInv    .            (no boots)
Will    .....        (no amulet)
Stlth   ++           (no ring)
HPRegen 0.25/turn    (no ring)
MPRegen 0.11/turn

%: no passive effects
@: no status effects
A: AC +5, unfitting armour, cold-blooded
a: no special abilities


You were on level 2 of the Dungeon.
You visited 1 branch of the dungeon, and saw 2 of its levels.

You collected 133 gold pieces.

Inventory:

Hand Weapons
 d - a +0 spear (weapon)
 k - a +0 rapier
Missiles
 c - 28 stones
 h - 3 poisoned darts
Wands
 j - a wand of acid (4)
Scrolls
 b - a scroll of acquirement {unknown}
 e - a scroll of enchant armour {unknown}
 f - 2 scrolls of noise {unknown}
 i - a scroll of blinking {unknown}
Potions
 a - a potion of magic
 g - a potion of brilliance {unknown}


   Skills:
 * Level 2.9 Dodging
 + Level 2.1 Stealth
 * Level 2.8 Spellcasting
 + Level 1.2 Conjurations
 + Level 3.4 Fire Magic


You had 7 spell levels left.
You knew the following spells:

 Your Spells              Type           Power      Damage    Failure   Level
a - Foxfire               Conj/Fire      36%        2x1d5     8%          1

Your spell library contained the following spells:

 Spells                   Type           Power      Damage    Failure   Level
 Scorch                   Fire           24%        2d6       8%          2
 Inner Flame              Hex/Fire       7%         N/A       30%         3
 Volatile Blastmotes      Fire/Tloc      14%        2d11      30%         3
 Flame Wave               Conj/Fire      9%         2d6       61%         4
 Summon Ice Beast         Ice/Summ       2%         N/A       90%         4
 Summon Forest            Summ/Tloc      1%         N/A       99%         5
 Animate Armour           Summ/Erth      Unusable   N/A       N/A         4

Dungeon Overview and Level Annotations

Branches:
Dungeon (2/15)

Altars:


Innate Abilities, Weirdness & Mutations

Your plain brown scales are hard. (AC +5)
You cannot fit into any form of body armour.
You are cold-blooded and may be slowed by cold attacks.


Message History

You barely miss the iguana. You tail-slap the iguana.
The iguana is heavily wounded.
The iguana closely misses you.
Casting: Foxfire (safe; 8% risk of failure)
Confirm with . or Enter, or press ? or * to list all spells.
You conjure some foxfire!
The iguana closely misses you.
You hit the iguana but do no damage.
The iguana is heavily wounded.
The foxfire hits the iguana but does no damage.
The iguana is heavily wounded.
The iguana bites you!
The foxfire hits the iguana.
The iguana is severely wounded.
The iguana misses you.
Casting: Foxfire (safe; 8% risk of failure)
Confirm with . or Enter, or press ? or * to list all spells.
You conjure some foxfire!
The iguana bites you!
The foxfire hits the iguana but does no damage.
The iguana is severely wounded.
The foxfire hits the iguana.
The iguana is almost dead.
The iguana barely misses you.
You barely miss the iguana.
The iguana is almost dead.
The iguana bites you.
* * * LOW HITPOINT WARNING * * *
The iguana bites you.
* * * LOW HITPOINT WARNING * * *
Casting: Foxfire (safe; 8% risk of failure)
Confirm with . or Enter, or press ? or * to list all spells.
You conjure some foxfire!
The iguana barely misses you.
You hit the iguana.
The iguana is almost dead.
The foxfire hits the iguana but does no damage.
The iguana is almost dead.
The iguana closely misses you.
Casting: Foxfire (safe; 8% risk of failure)
Confirm with . or Enter, or press ? or * to list all spells.
You conjure some foxfire!
The iguana bites you!
You die...

### #.. #.# #.#
....># #.##.#
#v##.# ###@##.#
#.vl##.#
#.####.# #.#
#.#
########'####.#
#.............#
#####
#.........##..#
....#
#..........#..#
###)#
#..........#..#


You could see an iguana (ally target).

Vanquished Creatures
  Robin (D:2)
  2 adders (D:2)
  3 ball pythons
  A bat (D:2)
  3 endoplasms (D:1)
  2 giant cockroaches
  6 goblins
  8 hobgoblins
  4 jackals (D:1)
  5 kobolds
  4 quokkas
  2 frilled lizards (D:1)
  8 rats
49 creatures vanquished.

Vanquished Creatures (others)
  94 foxfires
94 creatures vanquished.

Grand Total: 143 creatures vanquished

Notes
Turn   | Place    | Note
-------+----------+-------------------------------------------
     0 | D:1      | ANNNA the Draconian Fire Elementalist began the quest for
                  | the Orb.
     0 | D:1      | Reached XP level 1. HP: 14/14 MP: 3/3
   141 | D:1      | Reached XP level 2. HP: 17/20 MP: 1/5
   835 | D:1      | Got the Vellum of Convocation
  1118 | D:2      | Noticed Robin
  1147 | D:1      | Reached XP level 3. HP: 16/26 MP: 4/6
  1596 | D:2      | Killed Robin
  1597 | D:2      | Reached XP level 4. HP: 28/33 MP: 1/8
  1803 | D:2      | Slain by an iguana

Illustrated notes

Levels and vault maps discovered:
D:1:      dpeg_arrival_rooms_with_view, layout_loops_ring,
          hangedman_decor_opposing, minmay_surrounded
D:2:      layout_basic, uniq_robin

Skill      XL: |  1  2  3 |
---------------+----------+-----
Dodging        | 2 |  2.9
Stealth        | 2 |  2.1
Spellcasting   | |  2.8
Conjurations   | |  1.2
Fire Magic     | |  3.4

Action                     |  1- 3 |  4- 6 || total
---------------------------+-------+-------++-------
  Melee: Unarmed           |    16 |       ||    16
         Tailslap          |     8 |     2 ||    10
         Short sword       |    18 |       ||    18
         Rapier            |    26 |     2 ||    28
         Spear             |       |     8 ||     8
   Cast: Foxfire           |    45 |    11 ||    56
   Stab: Sleeping          |       |     1 ||     1
 Armour: Skin              |    36 |     4 ||    40
  Dodge: Dodged            |    77 |    10 ||    87
